 Dungeon Crawl Stone Soup version 0.28-a0-1375-g9cff236 (webtiles) character file.

Game seed: 12681334653385463191

220 Dorkslayer the Shield-Bearer (level 5, -7/36 HPs)
             Began as an Octopode Fighter on Dec 31, 2021.
             Was an Initiate of Gozag.
             Mangled by an orc (9 damage)
             ... on level 4 of the Dungeon.
             The game lasted 00:06:27 (3415 turns).

Dorkslayer the Shield-Bearer (Octopode Fighter)     Turns: 3415, Time: 00:06:28

Health: -7/36      AC:  2    Str: 15 (17) XL:     5   Next: 97%
Magic:  5/5        EV: 13    Int: 11      God:    Gozag
Gold:   133        SH:  4    Dex: 10 (11) Spells: 4/4 levels left

rFire   . . .      SeeInvis .   a - +0 long sword
rCold   . . .      Faith    .   b - +0 buckler
rNeg    . . .      Spirit   .   d - +1 hat
rPois   .          Reflect  .   (no amulet)
rElec   .          Harm     .   (no ring)
rCorr   .          Rampage  .   (no ring)
Will    .....                   (no ring)
Stlth   +++.......              (no ring)
HPRegen 0.12/turn               (no ring)
MPRegen 0.09/turn               (no ring)
                                (no ring)
                                (no ring)

@: gold aura
A: almost no armour, amphibious, 8 rings, camouflage 1, gelatinous body 1,
(nimble swimmer 1), tentacles
a: Renounce Religion, Potion Petition, Call Merchant, Bribe Branch


You were on level 4 of the Dungeon.
You worshipped Gozag.
Gozag was aware of your devotion.
You visited 1 branch of the dungeon, and saw 4 of its levels.

You collected 199 gold pieces.
You paid 66 gold pieces to Gozag.

Inventory:

Hand Weapons
 a - a +0 long sword (weapon)
Armour
 b - a +0 buckler (worn)
 d - a +1 hat (worn)
Wands
 h - a wand of polymorph (5)
 j - a wand of iceblast (6)
Scrolls
 c - a scroll of noise {unknown}
 f - a scroll of blinking {unknown}
 i - a scroll of enchant armour
 k - a scroll of vulnerability {unknown}
 l - 2 scrolls of teleportation {unknown}
 n - a scroll of fear {unknown}
 o - a scroll of holy word {unknown}
Potions
 e - a potion of cancellation
 g - a potion of lignification
 m - a potion of might


   Skills:
 + Level 3.6 Fighting
 + Level 3.5 Long Blades
 + Level 3.7 Dodging
 + Level 2.4 Stealth
 + Level 3.7 Shields
 * Level 1.8 Evocations


You had 4 spell levels left.
You didn't know any spells.
Your spell library was empty.

Dungeon Overview and Level Annotations

Branches:
Dungeon (4/15)
 Temple: D:4-7

Altars:
Gozag


Innate Abilities, Weirdness & Mutations

You cannot wear most types of armour.
You are amphibious.
You can wear up to eight rings at the same time.
Your skin changes colour to match your surroundings (Stealth+).
Your rubbery body absorbs attacks. (AC +1, EV +1)
((You are camouflaged when in or above water. (Stealth+)))
You have tentacles for arms and can constrict up to eight enemies at once.


Message History

The orc wizard closely misses you.
You closely miss the orc wizard.
The orc wizard is heavily wounded.
The orc wizard hits you with a +0 dagger.
The orc wizard barely misses you.
You hit the orc wizard.
The orc wizard is almost dead.
The orc wizard hits you with a +0 dagger.
You slash the orc wizard!
You kill the orc wizard!
The orc wizard barely misses you.
You feel your dexterity returning.
You closely miss the orc wizard.
The orc wizard is heavily wounded.
You feel less confused. The orc hits you with a +0 falchion.
You block the orc wizard's attack.
You hit the orc wizard but do no damage.
Your grab misses the orc wizard.
The orc wizard is heavily wounded.
You block the orc's attack. The orc hits you with a +0 falchion.
The orc wizard hits you with a +0 dagger.
The orc barely misses you. The orc closely misses you.
You miss the orc wizard. Your grab misses the orc wizard.
You squeeze the orc wizard.
The orc wizard is almost dead.
The orc wizard closely misses you. The orc misses you.
The orc hits you with a +0 falchion.
* * * LOW HITPOINT WARNING * * *
You closely miss the orc wizard. You grab the orc wizard.
You squeeze the orc wizard.
You kill the orc wizard!
You block the orc's attack. The orc hits you with a +0 falchion!
* * * LOW HITPOINT WARNING * * *
You slash the orc! You grab the orc.
The orc is almost dead.
You constrict the orc.
You kill the orc!
The orc hits you with a +0 flail!
You die...
Your body crumbles into a pile of gold.

.............
.............
#.........#
#.........# #.
#.........# #.
#.........#
#.######.........#
#..............o$#
#..............$@#
##...........#####
.#.<......(..#
.#...........#
.'...........#
.#.).........#
.#...........#
.#...........#
.###.......###


You could see an orc.

Vanquished Creatures
  An orc priest (D:3)
  3 orc wizards
  4 adders
  2 worms
  6 orcs
  4 ball pythons
  7 endoplasms
  3 giant cockroaches
  3 goblins
  3 hobgoblins
  8 jackals (D:1)
  7 kobolds
  2 quokkas
  7 bats
  5 frilled lizards
  7 rats
72 creatures vanquished.

Notes
Turn   | Place    | Note
-------+----------+-------------------------------------------
     0 | D:1      | Dorkslayer the Octopode Fighter began the quest for the
                  | Orb.
     0 | D:1      | Reached XP level 1. HP: 16/16 MP: 1/1
   292 | D:1      | Reached XP level 2. HP: 21/21 MP: 2/2
   736 | D:1      | Reached XP level 3. HP: 26/26 MP: 3/3
  1798 | D:2      | Reached skill level 1 in Stealth
  1951 | D:2      | Reached XP level 4. HP: 20/31 MP: 4/4
  2693 | D:3      | Reached skill level 1 in Evocations
  2697 | D:3      | Reached XP level 5. HP: 16/36 MP: 5/5
  2896 | D:3      | Found an opulent altar of Gozag.
  2897 | D:3      | Found an opulent altar of Gozag.
  2900 | D:3      | Found an opulent altar of Gozag.
  2907 | D:3      | Became a worshipper of Gozag Ym Sagoz the Greedy
  2936 | D:3      | Found an opulent altar of Gozag.
  3046 | D:3      | Found a faded altar of an unknown god.
  3415 | D:4      | Mangled by an orc

Illustrated notes

Levels and vault maps discovered:
D:1:      scummos_arrival_simple_fountains, layout_loops_cross
D:2:      layout_rooms
D:3:      layout_rooms, nicolae_gozag_conspicuous_consumption,
          shapermc_ecumenical_altar_acropolis
D:4:      layout_gridville, zin_purify, grunt_ministairs_12, kennysheep_donut,
          kennysheep_cluttered_room, uniq_natasha

Skill      XL: |  1  2  3  4  5 |
---------------+----------------+-----
Stealth        | 1 2 |  2.4
Evocations     | 1 |  1.8
Long Blades    | 3 |  3.5
Fighting       | |  3.6
Dodging        | |  3.7
Shields        | |  3.7

Action                   |  1- 3 |  4- 6 || total
-------------------------+-------+-------++-------
Melee: Long sword        |    86 |    71 ||   157
       Constrict         |    16 |    13 ||    29
       Tentacles         |     9 |     8 ||    17
Evoke: Wand              |       |     1 ||     1
  Use: Scroll            |       |     4 ||     4
       Potion            |       |     3 ||     3
 Stab: Sleeping          |     5 |     4 ||     9
Armor: Skin              |     7 |     7 ||    14
Dodge: Dodged            |    57 |    38 ||    95
Block: Buckler           |    23 |    14 ||    37

Table legend: (Time is in decaauts)
 A = Elapsed time spent in this place.
 B = Non-inter-level travel time spent in this place.
 C = Inter-level travel time spent in this place.
 D = Time resting spent in this place.
 E = Time spent auto-exploring this place.
 F = Levels seen in this place.
 G = Mean time per level.
                   A        B        C        D        E       F      G
               +--------+--------+--------+--------+--------+-----+--------+
         Total |   3459 |   3459 |      0 |   1298 |   1021 |   4 |  864.8 |
       Dungeon |   3459 |   3459 |      0 |   1298 |   1021 |   4 |  864.8 |
               +--------+--------+--------+--------+--------+-----+--------+

Top non-repeatable levels by time:
     D:1: 1348 daAuts
     D:2: 1148 daAuts
     D:3: 697 daAuts
     D:4: 265 daAuts
